 Dungeon Sprint DCSS version 0.14-a0-3134-g2c86dbf (webtiles) character file.

169 BluebellGnoll the Thaumaturge (level 4, 0/24 HPs)
             Began as a Deep Elf Fire Elementalist on Mar 8, 2014.
             Slain by a killer bee (5 damage)
             ... in the Dungeon (Sprint IV: "Fedhas' Mad Dash").
             The game lasted 00:02:03 (614 turns).

BluebellGnoll the Thaumaturge (DEFE)                 Turns: 614, Time: 00:02:03

HP   0/24        AC  2     Str  5      XL: 4   Next: 82%
MP  14/24        EV 13     Int 21      God:
Gold 44          SH  0     Dex 15      Spells:  4 memorised, 18 levels left

rFire  . . .     SeeInvis .     (no weapon)
rCold  . . .     Clarity  .     a - +0 robe
rNeg   . . .     Conserve .     (no shield)
rPois  .         rCorr    .     (no helmet)
rElec  .         rRot     .     (no cloak)
SustAb . .       Spirit   .     (no gloves)
rMut   .         Warding  .     (no boots)
Saprov . . .     NoTele   +     (no amulet)
MR     .....                    (no ring)
                                j - ring of invisibility

@: very slightly contaminated, not resistant to hostile enchantments, fairly
stealthy
A: no striking features
a: Evoke Invisibility


You were in the Dungeon.
You were not hungry.

You visited 1 branch You collected 44 gold pieces.

Inventory:

Armour
 a - a +0 robe (worn)
Comestibles
 c - a bread ration
Scrolls
 i - a scroll of blinking
 k - a scroll of identify {unknown}
Jewellery
 j - a ring of invisibility (left hand)
Potions
 e - a potion of heal wounds
 f - a potion of speed
 g - 2 potions of magic
 h - a potion of berserk rage
Books
 b - a book of Flames

   Spells                             Type                      Level
   *Flame Tongue                      Conjuration/Fire             1
   *Throw Flame                       Conjuration/Fire             2
   *Conjure Flame                     Conjuration/Fire             3
   *Inner Flame                       Hexes/Fire                   3
   Sticky Flame                       Conjuration/Fire             4
   Fireball                           Conjuration/Fire             5


   Skills:
 - Level 2.4 Dodging
 - Level 2.4 Stealth
 + Level 12.4 Spellcasting
 - Level 1.1 Conjurations
 - Level 3.2 Fire Magic


You had 18 spell levels left.
You knew the following spells:

 Your Spells              Type           Power        Failure   Level  Hunger
a - Flame Tongue          Conj/Fire      ###..        1%          1    None
b - Throw Flame           Conj/Fire      ###...       3%          2    None
c - Conjure Flame         Conj/Fire      ###.....     10%         3    None
d - Inner Flame           Hex/Fire       ###.....     10%         3    None


Dungeon Overview and Level Annotations

Branches:
Dungeon (1/1)

Altars:


Message History

Aiming: Flame Tongue
Press: ? - help, Shift-Dir - straight line, f/p - killer bee
Aim: a killer bee (berserk)
The flame misses the killer bee.
The flame hits the queen bee.
The queen bee is moderately wounded.
The killer bee is engulfed in roaring flames.
The killer bee stings you.
The killer bee is engulfed in roaring flames.
The killer bee stings you.
* * * LOW HITPOINT WARNING * * *
Casting: Flame Tongue
Confirm with . or Enter, or press ? or * to list all spells.
Aiming: Flame Tongue
Press: ? - help, Shift-Dir - straight line, f/p - killer bee
Aim: a killer bee (flame, moderately wounded, berserk)
The flame hits the killer bee.
The killer bee is moderately wounded.
The killer bee is engulfed in roaring flames.
The killer bee stings you.
You die...

##################
#<..f#.....#.....#
#ff..'%[...'.#.(.+
#ffff#.....#.#...#
###############'##
..♣.......kk@..#
k....♣.....#$.$#
...♣..♣..######
####+#####


You could see a queen bee and a killer bee (berserk).

Vanquished Creatures
  A killer bee (D)
  2 oklob saplings (D)
  A worker ant (D)
  A green rat (D)
  A rat (D)
6 creatures vanquished.

Notes
Turn   | Place    | Note
--------------------------------------------------------------
     0 | D        | BluebellGnoll, the Deep Elf Fire Elementalist, began the quest for the Orb.
     0 | D        | Reached XP level 1. HP: 10/10 MP: 5/5
     6 | D        | Reached skill level 6 in Spellcasting
     6 | D        | Reached XP level 2. HP: 15/15 MP: 3/12
    98 | D        | Noticed an oklob sapling
    99 | D        | Killed an oklob sapling
    99 | D        | Reached skill level 8 in Spellcasting
    99 | D        | Reached XP level 3. HP: 19/19 MP: 12/18
   103 | D        | Learned a level 2 spell: Throw Flame
   107 | D        | Learned a level 3 spell: Conjure Flame
   111 | D        | Learned a level 3 spell: Inner Flame
   139 | D        | Noticed a worker ant
   147 | D        | Killed a worker ant
   147 | D        | Reached skill level 10 in Spellcasting
   530 | D        | Noticed an oklob sapling
   532 | D        | Killed an oklob sapling
   532 | D        | Reached skill level 11 in Spellcasting
   532 | D        | Reached XP level 4. HP: 24/24 MP: 17/23
   539 | D        | Noticed a killer bee
   539 | D        | Noticed a queen bee
   541 | D        | Noticed a killer bee
   610 | D        | Killed a killer bee
   610 | D        | Reached skill level 12 in Spellcasting
   614 | D        | Slain by a killer bee

Action                   |  1- 3 |  4- 6 || total
-------------------------+-------+-------++-------
 Cast: Flame Tongue      |    15 |     8 ||    23
       Conjure Flame     |       |     2 ||     2
       Throw Flame       |       |     1 ||     1
 Abil: Evoke Invisibilit |     1 |       ||     1
  Use: Potion            |       |     1 ||     1
